 Dungeon Crawl Stone Soup version 0.24.0-123-gd5b16e6ec5 (webtiles) character file.

Game seed: 11478054940211309645, levelgen mode: deterministic

6301 Norian the Thaumaturge (level 10, -9/60 HPs)
             Began as a Deep Elf Conjurer on Dec 23, 2019.
             Was a Priest of Vehumet.
             Hit by a stone thrown by an orc warrior (13 damage)
             ... on level 9 of the Dungeon.
             The game lasted 00:19:19 (9179 turns).

Norian the Thaumaturge (Deep Elf Conjurer)          Turns: 9179, Time: 00:19:20

Health: -9/60      AC:  8    Str: 10    XL:     10   Next: 63%
Magic:  2/36       EV: 13    Int: 21    God:    Vehumet [***...]
Gold:   334        SH:  0    Dex: 15    Spells: 14/31 levels left

rFire    . . .     SeeInvis .   H - +2 dagger (venom)
rCold    . . .     Gourm    .   (no shield)
rNeg     . . .     Faith    +   v - +2 robe {MR+}
rPois    .         Spirit   .   i - +1 helmet
rElec    .         Reflect  .   q - +0 cloak
rCorr    .         Harm     .   (no gloves)
MR       ++...                  G - +0 pair of boots
Stlth    ++........             o - amulet of faith
HPRegen  0.20/turn              y - +2 ring of strength
MPRegen  0.25/turn              w - ring of magical power

@: no status effects
A: no striking features
a: Renounce Religion


You were on level 9 of the Dungeon.
You worshipped Vehumet.
Vehumet was most pleased with you.
You were not hungry.

You visited 2 branches of the dungeon, and saw 11 of its levels.

You collected 487 gold pieces.
You spent 153 gold pieces at shops.

Inventory:

Hand Weapons
 H - a +2 dagger of venom (weapon)
Armour
 f - a scarf of resistance
 i - a +1 helmet (worn)
 q - a +0 cloak (worn)
 v - a +2 robe of magic resistance (worn)
 B - the +1 robe of Foolhardiness {rElec}
   (You found it on level 7 of the Dungeon)

   It insulates you from electricity.
 C - the +0 robe of Pathos {MR++}
   (You bought it in a shop on level 8 of the Dungeon)

   It affects your resistance to hostile enchantments.
 G - a +0 pair of boots (worn)
Jewellery
 o - an amulet of faith (around neck)
 w - a ring of magical power (right hand)
 y - a +2 ring of strength (left hand)
 M - an uncursed ring of fire
Wands
 r - a wand of scattershot (4)
 x - a wand of polymorph (16)
 I - a wand of flame (10)
 K - a wand of random effects (23)
 L - a wand of digging (6)
 N - a wand of iceblast (15)
Scrolls
 a - 2 scrolls of remove curse
 b - 11 scrolls of identify {unknown}
 d - 4 scrolls of teleportation
 g - 2 scrolls of enchant armour {unknown}
 j - 3 scrolls of immolation {unknown}
 s - 2 scrolls of blinking {unknown}
 t - 2 scrolls of random uselessness {unknown}
 u - a scroll of noise {unknown}
 z - a scroll of fog {unknown}
 D - a scroll of enchant weapon {unknown}
Potions
 e - a potion of might
 h - 2 potions of degeneration {unknown}
 k - a potion of magic {unknown}
 l - 2 potions of curing
 m - a potion of flight
 n - a potion of haste {unknown}
 p - a potion of berserk rage {unknown}
 A - a potion of invisibility {unknown}
 E - a potion of lignification {unknown}
 F - a potion of ambrosia {unknown}
Miscellaneous
 J - a lightning rod (inert)
Comestibles
 c - 18 rations


   Skills:
 - Level 5.6 Fighting
 - Level 2.4 Dodging
 - Level 2.4 Stealth
 - Level 11.3 Spellcasting
 - Level 10.3 Conjurations
 - Level 5.1 Hexes
 + Level 5.7 Charms
 + Level 4.6 Necromancy
 + Level 4.3 Translocations


You had 14 spell levels left.
You knew the following spells:

 Your Spells              Type           Power        Failure   Level  Hunger
a - Magic Dart            Conj           ####         1%          1    None
b - Iskenderun's Mystic   Conj           ######..     1%          4    #......
c - Fulminant Prism       Conj/Hex       #####.....   1%          4    #......
d - Blink                 Tloc           N/A          1%          2    None
e - Regeneration          Chrm/Necr      ####......   1%          3    None
f - Vampiric Draining     Necr           ####......   2%          3    None

Your spell library contained the following spells:

 Spells                   Type           Power        Failure   Level  Hunger
 Throw Icicle             Conj/Ice       ####....     1%          4    #......
 Animate Skeleton         Necr           N/A          1%          1    None
 Pain                     Necr           ####         1%          1    None
 Searing Ray              Conj           ######       1%          2    None
 Slow                     Hex            ####....     1%          2    None
 Conjure Flame            Conj/Fire      ####....     1%          3    None
 Dazzling Spray           Conj/Hex       #####.       1%          3    None
 Mephitic Cloud           Conj/Pois/Air  ####....     1%          3    None
 Force Lance              Conj/Tloc      #####...     1%          4    #......
 Summon Small Mammal      Summ           ##..         5%          1    None
 Summon Guardian Golem    Hex/Summ       ###.....     6%          3    None
 Call Imp                 Summ           ##......     9%          2    None
 Animate Dead             Necr           N/A          9%          4    #......
 Call Canine Familiar     Summ           ##......     17%         3    None
 Summon Ice Beast         Ice/Summ       ##......     50%         4    #......
 Summon Lightning Spire   Summ/Air       ##......     50%         4    #......


Dungeon Overview and Level Annotations

Branches:
Dungeon (10/15)            Temple (1/1) D:6
   Lair: D:8-11         Orc: D:9-12

Altars:
Ashenzari
Cheibriados
Dithmenos
Elyvilon
Fedhas
Gozag
Hepliaklqana
Kikubaaqudgha
Makhleb
Nemelex Xobeh
Okawaru
Qazlal
Ru
Sif Muna
Uskayaw
Vehumet
Wu Jian
Xom
Yredelemnul
Zin
The Shining One
Lugonu

Shops:
D:7 [   D:8 [


Message History

The orc warrior is moderately wounded.
The orc warrior zaps a wand.
You resist with almost no effort.
An orc warrior is nearby!
Unknown command.
That item cannot be evoked!
Unknown command.
Evoke which item? (* to show all) (? for menu, Esc to quit)
Aiming: Thunderbolt
Press: ? - help, Shift-Dir - straight line, f/p - orc warrior
Aim: an orc warrior, wielding a +0 glaive, wearing a +0 chain mail and carrying a wand of paralysis (5) (moderately wounded)
The thunderbolt hits the orc warrior!
The orc warrior is severely wounded.
The lightning rod overheats!
The orc warrior throws a stone.
The stone hits you!
* * * LOW HITPOINT WARNING * * *
It was a potion of curing.
You feel better.
The orc warrior throws a stone.
The stone hits you!
* * * LOW HITPOINT WARNING * * *
The orc warrior throws a stone.
The stone hits you!
You die...

####### #.....#
#######.....#
#...........#
#...........#
########........@(.#
#.....#........(...#
#.....#.......(...##
#.....#...........#
#.....#...o########
#.....#....#
........>..#
......#....###########
......#..............#


You could see an orc warrior.

Vanquished Creatures
  A two-headed ogre (D:9)
  An unseen horror (D:10)
  Maurice (D:9)
  A troll (D:10)
  A hippogriff (D:9)
  4 hogs (D:8)
  A human (D:8)
  A hungry ghost (D:7)
  4 orc warriors
  A black bear (D:6)
  A phantom (D:10)
  3 sky beasts
  A necrophage (D:6)
  3 ogres
  2 crocodiles (D:9)
  3 centaurs
  A big kobold (D:9)
  Blork the orc (D:4)
  A bullfrog (D:9)
  A gnoll sergeant (D:6)
  A water moccasin zombie (D:9)
  2 scorpions
  10 killer bees
  3 howler monkeys
  5 crimson imps
  A jelly (D:8)
  3 hounds
  A quasit (D:8)
  2 orc priests
  A centaur skeleton (D:5)
  A bullfrog skeleton (D:5)
  An iguana (D:8)
  8 orc wizards
  5 worker ants
  A hound skeleton (D:9)
  A worker ant zombie (D:2)
  5 gnolls (D:6)
  A howler monkey skeleton (D:7)
  11 adders
  A shadow imp (D:10)
  An ooze (D:3)
  2 adder zombies
  2 worms
  A dart slug (D:4)
  4 leopard geckos
  28 orcs
  A ball python (D:3)
  6 bats
  6 giant cockroaches
  9 goblins
  10 hobgoblins
  4 jackals (D:10)
  7 kobolds
  4 quokkas
  6 frilled lizards
  A jackal skeleton (D:4)
  A leopard gecko skeleton (D:5)
  6 rats
196 creatures vanquished.

Vanquished Creatures (others)
  27 fulminant prisms
27 creatures vanquished.

Grand Total: 223 creatures vanquished

Notes
Turn   | Place    | Note
-------+----------+-------------------------------------------
     0 | D:1      | Norian the Deep Elf Conjurer began the quest for the Orb.
     0 | D:1      | Reached XP level 1. HP: 10/10 MP: 6/6
   171 | D:1      | Reached XP level 2. HP: 6/15 MP: 0/8
   674 | D:1      | Reached skill level 4 in Spellcasting
   951 | D:2      | Reached XP level 3. HP: 19/19 MP: 6/10
   955 | D:2      | Reached skill level 5 in Conjurations
  1847 | D:3      | Reached XP level 4. HP: 24/24 MP: 3/12
  1853 | D:3      | Learned a level 4 spell: Iskenderun's Mystic Blast
  1858 | D:3      | Learned a level 4 spell: Fulminant Prism
  2197 | D:3      | Reached skill level 1 in Hexes
  2226 | D:3      | Reached skill level 5 in Spellcasting
  2466 | D:3      | Found a burning altar of Makhleb.
  2469 | D:3      | Found a blossoming altar of Fedhas.
  2475 | D:3      | Found a shimmering blue altar of Sif Muna.
  2475 | D:3      | Found a shimmering altar of Xom.
  2475 | D:3      | Found a white marble altar of Elyvilon.
  2475 | D:3      | Found an ancient bone altar of Kikubaaqudgha.
  2475 | D:3      | Found an ornate altar of the Wu Jian Council.
  2477 | D:3      | Found a basalt altar of Yredelemnul.
  2478 | D:3      | Found an iron altar of Okawaru.
  2480 | D:3      | Found an opulent altar of Gozag.
  2957 | D:4      | Reached XP level 5. HP: 16/28 MP: 7/14
  3044 | D:4      | Noticed Blork the orc
  3048 | D:4      | Killed Blork the orc
  3285 | D:4      | Noticed a centaur
  3456 | D:4      | Found a blossoming altar of Fedhas.
  3554 | D:4      | Reached XP level 6. HP: 21/32 MP: 8/16
  3819 | D:5      | Entered Level 5 of the Dungeon
  3901 | D:5      | Reached skill level 6 in Spellcasting
  4057 | D:5      | Found a shimmering altar of Xom.
  4530 | D:5      | Reached XP level 7. HP: 36/36 MP: 11/19
  4733 | D:6      | Found a staircase to the Ecumenical Temple.
  4754 | Temple   | Entered the Ecumenical Temple
  4793 | Temple   | Became a worshipper of Vehumet
  4816 | D:6      | Reached skill level 7 in Spellcasting
  4820 | D:6      | Reached skill level 5 in Hexes
  4977 | D:6      | Reached skill level 1 in Fighting
  5065 | D:6      | Found a sparkling altar of Nemelex Xobeh.
  5212 | D:6      | Found a shattered altar of Ashenzari.
  5248 | D:6      | Reached XP level 8. HP: 43/43 MP: 15/21
  5250 | D:6      | Reached skill level 8 in Spellcasting
  5624 | D:6      | Reached * piety under Vehumet
  5624 | D:6      | Offered knowledge of Freeze by Vehumet.
  5946 | D:7      | Found a sacrificial altar of Ru.
  5994 | D:7      | Reached skill level 9 in Spellcasting
  6132 | D:7      | Found Isotzow's Armour Shoppe.
  6440 | D:7      | Got a warped robe
  6451 | D:7      | Identified the +1 robe of Foolhardiness {rElec} (You found
                  | it on level 7 of the Dungeon)
  6646 | D:8      | Offered knowledge of Throw Frost by Vehumet.
  6646 | D:8      | Reached XP level 9. HP: 52/52 MP: 24/24
  6646 | D:8      | Reached ** piety under Vehumet
  6646 | D:8      | Reached skill level 10 in Spellcasting
  6726 | D:8      | Learned a level 2 spell: Blink
  6730 | D:8      | Learned a level 3 spell: Regeneration
  6734 | D:8      | Learned a level 3 spell: Vampiric Draining
  6994 | D:8      | Found a shattered altar of Ashenzari.
  6998 | D:8      | Saw a vision of the Swamp and the Spider Nest.
  6998 | D:8      | Noticed a wolf spider
  6998 | D:8      | Noticed a wolf spider
  6999 | D:8      | Noticed a wolf spider
  7000 | D:8      | Noticed a wolf spider
  7457 | D:8      | Found Vegikh's Antique Armour Shoppe.
  7460 | D:8      | Bought a colourful robe for 153 gold pieces
  7472 | D:8      | Identified the cursed +0 robe of Pathos {MR++} (You bought
                  | it in a shop on level 8 of the Dungeon)
  7562 | D:9      | Reached skill level 5 in Fighting
  7624 | D:9      | Reached skill level 10 in Conjurations
  7626 | D:9      | Reached skill level 11 in Spellcasting
  7626 | D:9      | Noticed a two-headed ogre
  7863 | D:9      | Noticed Maurice
  7870 | D:9      | Offered knowledge of Inner Flame by Vehumet.
  7877 | D:9      | Reached XP level 10. HP: 48/59 MP: 25/27
  7885 | D:10     | Entered Level 10 of the Dungeon
  7888 | D:10     | Reached *** piety under Vehumet
  8485 | D:10     | Reached skill level 1 in Charms
  8485 | D:10     | Reached skill level 1 in Necromancy
  8485 | D:10     | Reached skill level 1 in Translocations
  8619 | D:10     | Killed an unseen horror
  8766 | D:9      | Noticed a lindwurm
  8773 | D:9      | Noticed a lindwurm
  8773 | D:9      | Noticed a lindwurm
  8773 | D:9      | Noticed a lindwurm
  8777 | D:9      | Offered knowledge of Throw Icicle by Vehumet.
  8974 | D:9      | Killed Maurice
  9167 | D:9      | Killed a two-headed ogre
  9167 | D:9      | Reached skill level 5 in Charms
  9179 | D:9      | Hit by a stone thrown by an orc warrior

Levels and vault maps discovered:
D:1:      dpeg_arrival_signposts, layout_rooms
D:2:      layout_basic
D:3:      layout_basic, minitemple
D:4:      layout_basic, first_ration, fedhas_bush_and_centaur_altar,
          uniq_blork_the_orc
D:5:      layout_basic, xom_teletrap_fun
D:6:      layout_basic, lemuel_coloured_pillars_altar, lemuel_crystal_altar,
          minmay_temple_entry_tees, supply_closet_lemuel
D:7:      layout_basic, nicolae_ru_great_annihilating_truth, serial_shops, shop,
          grunt_decor_resistance
D:8:      layout_gridville, serial_shops, kennysheep_mini_moat, grunt_livestock,
          kb_lookout_dungeons_type, grunt_ashenzari_visionary
          [grunt_ashenzari_visionary_swamp, grunt_ashenzari_visionary_spider]
D:9:      minmay_the_grid_four_pointed_star_mashed
          [minmay_the_grid_triangle_9x9_from_above,
          minmay_the_grid_triangle_9x9_zippers_vertical,
          minmay_the_grid_triangle_9x9_impossible_snake,
          minmay_the_grid_triangle_9x9_cache, minmay_the_grid_prize_big_room],
          layout_basic, lightli_temple_of_fire, minmay_lindwurm_lava,
          uniq_maurice
D:10:     layout_irregular_city, orc_0_dummy, serial_column_ruins,
          column_ruins_columns_straight, column_ruins_open_medium,
          column_ruins_grid_1, column_ruins_open_medium,
          column_ruins_open_small, column_ruins_grid_1, column_ruins_grid_3
Temple:   corrupted_temple

Skill      XL: |  1  2  3  4  5  6  7  8  9 10 |
---------------+-------------------------------+-----
Spellcasting   | 4 5 6 7 9 11 | 11.3
Conjurations   | 5 6 7 9 10 | 10.3
Hexes          | 1 3 4 5 |  5.1
Fighting       | 1 3 5 |  5.6
Charms         | 5 |  5.7
Necromancy     | 4 |  4.6
Translocations | 4 |  4.3
Dodging        | |  2.4
Stealth        | |  2.4

Action                   |  1- 3 |  4- 6 |  7- 9 | 10-12 || total
-------------------------+-------+-------+-------+-------++-------
Melee: Unarmed           |     7 |       |       |       ||     7
       Spear             |       |       |     1 |       ||     1
       Dagger            |       |       |     5 |    12 ||    17
 Cast: Magic Dart        |   105 |   127 |   128 |    23 ||   383
       Iskenderun's Myst |       |    11 |    50 |    46 ||   107
       Fulminant Prism   |       |       |    19 |     8 ||    27
       Blink             |       |       |       |     2 ||     2
Evoke: Lightning rod     |       |       |       |     4 ||     4
  Use: Potion            |       |       |       |     4 ||     4
       Scroll            |       |       |       |     2 ||     2
  Eat: Ration            |     1 |     1 |     2 |       ||     4
       Chunk             |       |     4 |     9 |     4 ||    17
Armor: Robe              |     2 |     6 |     7 |    12 ||    27
Dodge: Dodged            |    15 |    18 |    33 |    24 ||    90
